 Dungeon Crawl Stone Soup version 0.17-a0-1910-g4c791fa (webtiles) character file.

30 ololoev the Skirmisher (level 3, 13/33 HPs)
             Began as a Hill Orc Fighter on Sept 25, 2015.
             Was an Initiate of Gozag.
             Quit the game on level 2 of the Dungeon.
             The game lasted 00:02:34 (323 turns).

ololoev the Skirmisher (Hill Orc Fighter)            Turns: 323, Time: 00:02:35

Health: 13/33      AC:  7    Str: 19    XL:     3   Next: 20%
Magic:  3/3        EV: 15    Int:  8    God:    Gozag
Gold:   61         SH:  9    Dex: 15    Spells: 0 memorised, 2 levels left

rFire  + . .     SeeInvis .     a - +0 war axe
rCold  + . .     Clarity  .     b - +0 scale mail
rNeg   . . .     SustAt   .     c - +0 shield
rPois  +         Gourm    +     (no helmet)
rElec  +         Spirit   .     (no cloak)
rCorr  +         Warding  .     (no gloves)
rMut   .         Stasis   .     (no boots)
MR     .....                    g - amulet of the gourmand
Stlth  ..........               j - ring of loudness (curse)
                                i - +3 ring of evasion

@: agile, mildly poisoned (13 -> 11), resistant, flying, very slightly
contaminated, hasted, invisible, very quick, not resistant to hostile
enchantments, extremely unstealthy
A: no striking features
a: Potion Petition, Call Merchant, Bribe Branch, Renounce Religion

Inventory:

Hand weapons
 a - a +0 war axe (weapon)
Armour
 b - a +0 scale mail (worn)
 c - a +0 shield (worn)
Jewellery
 f - an uncursed ring of positive energy
 g - an amulet of the gourmand (around neck)
 i - a +3 ring of evasion (left hand)
 j - a cursed ring of loudness (right hand)
Scrolls
 k - a scroll of identify
Potions
 d - a potion of might
 h - a potion of heal wounds
Comestibles
 e - 2 bread rations
 l - a chunk of flesh


   Skills:
 + Level 4.0 Fighting
 * Level 3.8 Axes
 + Level 3.7 Armour
 - Level 3.2 Shields


You had 2 spell levels left.
You didn't know any spells.


You were on level 2 of the Dungeon.
You worshipped Gozag.
Gozag was noncommittal.
You were not hungry.

You visited 1 branch of the dungeon, and saw 2 of its levels.

You collected 61 gold pieces.

#................#
.###
#..#...#...........
##.......#........##
#........#........#
#.....#..)........#
#..#_#.#........#
..#...#..##.......#
#........###...##..
##.....@..# ..## #.
#............#
.............>.
###.......#......
##..##.......# ###
####..... .$..# ####

Notes
Turn   | Place    | Note
--------------------------------------------------------------
     0 | D:1      | ololoev the Hill Orc Fighter began the quest for the Orb.
     0 | D:1      | Reached XP level 1. HP: 19/19 MP: 1/1
   103 | D:1      | Reached XP level 2. HP: 8/26 MP: 2/2
   287 | D:2      | Found a faded altar to an unknown god.
   306 | D:2      | Became a worshipper of Gozag Ym Sagoz the Greedy
   319 | D:2      | Reached skill level 4 in Fighting
   319 | D:2      | Reached XP level 3. HP: 13/33 MP: 3/3
   323 | D:2      | Quit the game

Dungeon Overview and Level Annotations

Branches:
Dungeon (2/15)

Altars:
Gozag


Message History

You closely miss the adder.
The adder is severely wounded.
You feel sick. The adder bites you but does no damage.
The adder barely misses you.
You miss the adder.
The adder is severely wounded.
The adder closely misses you. The adder bites you but does no damage.
You closely miss the adder.
The adder is severely wounded.
You feel sick. The adder bites you but does no damage.
You block the adder's attack.
You hit the adder.
The adder is almost dead.
The adder barely misses you. The adder bites you but does no damage.
You barely miss the adder.
The adder is almost dead.
You block the adder's attack. x2
You closely miss the adder.
The adder is almost dead.
You feel sick. The adder bites you but does no damage.
You block the adder's attack.
You slash the adder!
You kill the adder!
Your Fighting skill increases to level 4!
You have reached level 3!
Your experience leads to an increase in your attributes!
Increase (S)trength, (I)ntelligence, or (D)exterity?
You feel stronger.
You now have 61 gold pieces (gained 6).
You feel sick.
Use which ability? [a] - 0 gold - curing and magic [b] - 0 gold - heal wounds, haste and agility [c] - 0 gold - resistance, invisibility, agility, haste and flight Purchase which effect?
You feel protected.
You fade into invisibility!
You feel agile all of a sudden.
You feel yourself speed up.
You feel very buoyant.
You fly up into the air.
You are very lightly contaminated with residual magic.
Are you sure you want to abandon this character and quit the game? (Confirm with "yes".)

There were no monsters in sight!

Vanquished Creatures
  An adder (D:2)
  A worm (D:2)
  A giant gecko (D:1)
  A giant cockroach (D:1)
  3 hobgoblins
  3 bats
  4 goblins
  A quokka (D:2)
  2 rats
17 creatures vanquished.

Action                   || total
-------------------------++-------
Melee: War axe           ||    60
Invok: Potion Petition   ||     1
  Use: Scroll            ||     2

Vault maps used:
D:1:      erik_arrival_blinker_ship
D:2:      nicolae_overflow_crystal_walls, ecumenical_altar_1, first_bread
